 Dungeon Crawl Stone Soup version 0.28-a0-1555-g9ae15a6949 (webtiles) character file.

Game seed: 3170489063512059953

628 tilp the Chiller (level 7, 32/32 HPs)
             Began as a Felid Ice Elementalist on Jan 18, 2022.
             Was an Initiate of Sif Muna.
             Quit the game on level 5 of the Dungeon.
             The game lasted 00:12:00 (6924 turns).

tilp the Chiller (Felid Ice Elementalist)           Turns: 6924, Time: 00:12:00

Health: 32/32      AC:  2    Str:  4    XL:     7   Next: 23%
Magic:  13/13      EV: 18    Int: 18    God:    Sif Muna [......]
Gold:   298        SH:  0    Dex: 17    Spells: 1/12 levels left
                                        Lives:  1   Deaths: 1

rFire   . . .      SeeInvis +     - Unarmed
rCold   . . .      Faith    .   (shield unavailable)
rNeg    . . .      Spirit   .   (armour unavailable)
rPois   .          Reflect  .   (helmet unavailable)
rElec   .          Harm     .   (cloak unavailable)
rCorr   .          Rampage  .   (gloves unavailable)
Will    +....                   (boots unavailable)
Stlth   +++.......              e - amulet of regeneration
HPRegen 0.90/turn               (no ring)
MPRegen 0.13/turn               (no ring)

@: quick
A: very small, claws 1, fangs 3, see invisible, speed 1, shaggy fur 2, stealthy
paws, no weapons or thrown items, no armour, multi-lived
a: Renounce Religion


You were on level 5 of the Dungeon.
You worshipped Sif Muna.
Sif Muna was noncommittal.
You visited 2 branches of the dungeon, and saw 6 of its levels.
You also visited: Sewer.

You collected 298 gold pieces.

Inventory:

Jewellery
 e - an amulet of regeneration (around neck)
 g - an amulet of the acrobat
Scrolls
 b - a scroll of teleportation
 f - a scroll of fear
 j - 2 scrolls of fog
 k - 3 scrolls of identify
 o - 2 scrolls of amnesia
Potions
 a - 2 potions of brilliance {unknown}
 c - 3 potions of haste
 d - 3 potions of curing
 h - a potion of attraction {unknown}
 i - 3 potions of lignification {unknown}
 l - 2 potions of heal wounds {unknown}
 m - a potion of flight {unknown}
 n - a potion of invisibility {unknown}


   Skills:
 - Level 4.0 Fighting
 - Level 4.0 Dodging
 - Level 6.0 Stealth
 - Level 4.0 Unarmed Combat
 + Level 3.3 Spellcasting
 + Level 1.2 Conjurations
 + Level 6.2 Ice Magic


You had one spell level left.
You knew the following spells:

 Your Spells              Type           Power      Damage    Failure   Level
a - Freeze                Ice            100%       1d11      1%          1
b - Frozen Ramparts       Ice            50%        1d7       3%          3
c - Ozocubu's Armour      Ice            25%        N/A       3%          3
d - Hailstorm             Conj/Ice       16%        3d6       34%         4

Your spell library contained the following spells:

 Spells                   Type           Power      Damage    Failure   Level
 Shock                    Conj/Air       20%        1d4       12%         1
 Swiftness                Air            3%         N/A       43%         3
 Airstrike                Air            1%         N/A       83%         4
 Cause Fear               Hex            1%         N/A       83%         4
 Dragon Form              Tmut           1%         N/A       100%        7
 Dragon's Call            Summ           1%         N/A       100%        9


Dungeon Overview and Level Annotations

Branches:
Dungeon (5/15)             Temple (1/1) D:5           Sewer (visited)

Altars:
Ashenzari
Cheibriados
Dithmenos
Elyvilon
Fedhas
Gozag
Hepliaklqana
Kikubaaqudgha
Makhleb
Nemelex Xobeh
Okawaru
Qazlal
Ru
Sif Muna
Trog
Uskayaw
Wu Jian
Xom
Yredelemnul
Zin
The Shining One


Innate Abilities, Weirdness & Mutations

You have sharp claws.
You have razor-sharp teeth.
You have supernaturally acute eyesight. (SInv)
You cover ground quickly. (Speed+)
You are covered in thick fur. (AC +2)
Your paws help you pounce on unaware monsters.
You are incapable of wielding weapons or throwing items.
You cannot wear armour.
You gain extra lives every three experience levels.


Message History

The stone arrow misses you.
You scratch the gargoyle.
The gargoyle is heavily damaged.
The gargoyle hits you with a +0 mace!
You scratch the gargoyle. Your bite misses the gargoyle.
The gargoyle is severely damaged.
The gargoyle hits you with a +0 mace.
You scratch the gargoyle but do no damage.
The gargoyle is severely damaged.
The gargoyle completely misses you.
You scratch the gargoyle but do no damage.
The gargoyle is severely damaged.
The gargoyle hurls a stone arrow at you.
The stone arrow misses you.
You scratch the gargoyle but do no damage.
Your bite misses the gargoyle.
The gargoyle is heavily damaged.
The gargoyle hurls a stone arrow at you.
The stone arrow hits you!!
Ouch! That really hurt!
* * * LOW HITPOINT WARNING * * *
You scratch the gargoyle but do no damage.
Your bite misses the gargoyle.
The gargoyle is heavily damaged.
The gargoyle hurls a stone arrow at you.
The stone arrow hits you!!
Ouch! That really hurt!
You die...
You are now level 7!
You rejoin the land of the living...
Unknown command.
Unknown command.
Are you sure you want to abandon this character and quit the game? (Confirm with "yes".)
Okay, then.
Unknown command.
Unknown command.
Unknown command.
Unknown command.
Unknown command.
Are you sure you want to abandon this character and quit the game? (Confirm with "yes".)

# ##. ##.####### #
#..#.....#.#
######..#.#.#.#.#.#
#.........#|#.9...# ###
#######.###.@.#.#†#†# ..#
#...#...# #...#.....#
#.###......# ##+.#######
....†......# #.#.......
##..†......#####.....####
.....#+#.#......####....
##..## #.######.# .###
≈##.. ... #.# #
#≈######### #.#


There were no monsters in sight!

Vanquished Creatures
  A yak (D:5)
  A sky beast (D:4)
  A black bear (D:5)
  2 necrophages (D:5)
  An ogre (D:4)
  2 scorpions
  A bullfrog zombie (D:5)
  3 bullfrog skeletons
  3 hounds
  An orc priest (D:4)
  An iguana (D:5)
  An orc wizard (D:4)
  2 hound skeletons
  7 adders
  2 river rats (Sewer)
  2 worms
  3 dart slugs
  6 orcs
  9 ball pythons
  9 endoplasms
  6 giant cockroaches
  12 goblins
  17 hobgoblins
  5 jackals
  7 kobolds
  7 quokkas
  5 bats
  5 frilled lizards
  11 rats
133 creatures vanquished.

Notes
Turn   | Place    | Note
-------+----------+-------------------------------------------
     0 | D:1      | tilp the Felid Ice Elementalist began the quest for the
                  | Orb.
     0 | D:1      | Reached XP level 1. HP: 7/7 MP: 4/4
   676 | D:1      | Reached XP level 2. HP: 11/11 MP: 1/6
  1492 | D:1      | Reached XP level 3. HP: 14/14 MP: 4/7
  1496 | D:1      | Learned a level 3 spell: Frozen Ramparts
  2418 | D:2      | Learned a level 3 spell: Ozocubu's Armour
  2675 | D:2      | Reached XP level 4. HP: 16/18 MP: 5/9
  2887 | D:2      | Found a faded altar of an unknown god.
  3397 | D:3      | Reached skill level 5 in Ice Magic
  3471 | D:3      | Reached XP level 5. HP: 21/21 MP: 2/10
  4105 | D:4      | Noticed an ogre
  4509 | D:4      | Found a glowing drain.
  4541 | Sewer    | Entered a sewer
  4548 | Sewer    | Reached skill level 1 in Fighting
  4548 | Sewer    | Gained mutation: You are covered in thick fur. (AC +2)
                  | [Felid growth]
  4548 | Sewer    | Reached XP level 6. HP: 25/25 MP: 7/11
  5316 | D:4      | Reached skill level 1 in Unarmed Combat
  5432 | D:4      | Noticed a sky beast
  5442 | D:4      | Killed a sky beast
  5535 | D:4      | Reached XP level 7. HP: 30/30 MP: 10/12
  5841 | D:5      | Entered Level 5 of the Dungeon
  6229 | D:5      | Found a staircase to the Ecumenical Temple.
  6237 | Temple   | Entered the Ecumenical Temple
  6555 | D:5      | Reached skill level 5 in Stealth
  6568 | Temple   | Learned a level 4 spell: Hailstorm
  6592 | Temple   | Became a worshipper of Sif Muna the Loreminder
  6850 | D:5      | Reached XP level 8. HP: 35/36 MP: 10/13
  6875 | D:5      | Reached skill level 1 in Conjurations
  6910 | D:5      | Noticed a gargoyle
  6922 | D:5      | Killed from afar by a gargoyle
  6923 | D:5      | Reached XP level 7. HP: -22/32 MP: 12/13
  6924 | D:5      | Quit the game

Illustrated notes

Levels and vault maps discovered:
D:1:      dpeg_arrival_orchard, layout_basic
D:2:      cheibrodos_greedy_goblins, layout_basic,
          shapermc_ecumenical_altar_ellora
D:3:      layout_rooms
D:4:      layout_loops_ring, gup_sewer_entry_spiral
D:5:      cheibrodos_two_vegetables, layout_basic,
          minmay_temple_entry_mini_moons,
          nicolae_concentric_dashed_squares_wild, minmay_checkerbox
Temple:   roderic_octagonal_lattice_temple

Skill      XL: |  1  2  3  4  5  6  7  8 |
---------------+-------------------------+-----
Ice Magic      | 4 5 6 |  6.2
Spellcasting   | 3 |  3.3
Fighting       | 1 2 4 |  4.0
Stealth        | 4 6 |  6.0
Dodging        | 3 4 |  4.0
Unarmed Combat | 1 4 |  4.0
Conjurations   | 1 |  1.2

Action                   |  1- 3 |  4- 6 |  7- 9 || total
-------------------------+-------+-------+-------++-------
Melee: Unarmed           |    19 |    65 |    73 ||   157
       Bite              |     4 |     8 |    11 ||    23
       Punch             |       |       |     6 ||     6
 Cast: Freeze            |    47 |    49 |    14 ||   110
       Frozen Ramparts   |     3 |    16 |     7 ||    26
       Ozocubu's Armour  |       |     8 |    10 ||    18
  Use: Scroll            |     4 |     6 |     1 ||    11
 Stab: Sleeping          |    10 |    10 |     3 ||    23
Armor: Skin              |       |    11 |    20 ||    31
Dodge: Dodged            |    31 |    66 |    62 ||   159

Table legend: (Time is in decaauts)
 A = Elapsed time spent in this place.
 B = Non-inter-level travel time spent in this place.
 C = Inter-level travel time spent in this place.
 D = Time resting spent in this place.
 E = Time spent auto-exploring this place.
 F = Levels seen in this place.
 G = Mean time per level.
                   A        B        C        D        E       F      G
               +--------+--------+--------+--------+--------+-----+--------+
         Total |   6282 |   6030 |    252 |   1709 |   2997 |   7 |  897.4 |
       Dungeon |   5557 |   5361 |    196 |   1520 |   2738 |   5 | 1111.4 |
        Temple |    280 |    224 |     56 |      0 |    196 |   1 |  280.0 |
         Sewer |    444 |    444 |      0 |    189 |     62 |   1 |  444.0 |
               +--------+--------+--------+--------+--------+-----+--------+

Top non-repeatable levels by time:
     D:1: 1622 daAuts
     D:2: 1334 daAuts
     D:4: 1177 daAuts
     D:3: 745 daAuts
     D:5: 677 daAuts
   Sewer: 444 daAuts
  Temple: 280 daAuts
